 Dungeon Crawl Stone Soup version 0.25-a0-105-g2289b3b9f1 (webtiles) character file.

Game seed: 4200439935592159629, levelgen mode: deterministic

28 Gebura the Skirmisher (level 3, 29/29 HPs)
             Began as a Demonspawn Fighter on Nov 16, 2019.
             Quit the game on level 1 of the Dungeon.
             The game lasted 00:02:06 (682 turns).

Gebura the Skirmisher (Demonspawn Fighter)           Turns: 682, Time: 00:02:06

Health: 29/29      AC:  8    Str: 17    XL:     3   Next: 0%
Magic:  3/3        EV:  7    Int:  9    God:
Gold:   50         SH:  8    Dex: 12    Spells: 2/2 levels left

rFire    . . .     SeeInvis .   k - +1 dagger (drain)
rCold    . . .     Gourm    .   c - +0 shield
rNeg     . . .     Faith    .   b - +0 scale mail
rPois    .         Spirit   .   (no helmet)
rElec    .         Reflect  .   (no cloak)
rCorr    .         Harm     .   (no gloves)
MR       .....                  (no boots)
Stlth    ..........             (no amulet)
HPRegen  0.09/turn              (no ring)
MPRegen  0.08/turn              (no ring)

@: lightly drained
A: iridescent scales 1, demonic guardian 1
a: no special abilities


You were on level 1 of the Dungeon.
You were not hungry.

You visited 1 branch of the dungeon, and saw 1 of its levels.

You collected 50 gold pieces.

Inventory:

Hand Weapons
 a - a +0 war axe
 k - a +1 dagger of draining (weapon)
Missiles
 i - 2 silver javelins
 n - 16 poisoned darts (quivered)
Armour
 b - a +0 scale mail (worn)
 c - a +0 shield (worn)
Jewellery
 j - an uncursed ring of poison resistance {unknown}
Scrolls
 g - 2 scrolls of remove curse {unknown}
 l - a scroll of teleportation {unknown}
 m - a scroll of identify {unknown}
Potions
 d - a potion of might
 e - 2 potions of heal wounds {unknown}
Comestibles
 f - 2 rations
 h - a chunk of flesh


   Skills:
 + Level 3.2(2.8) Fighting
 + Level 2.1(1.7) Axes
 + Level 2.9(2.6) Armour
 + Level 0.8(0.5) Dodging
 + Level 2.9(2.6) Shields


You had 2 spell levels left.
You didn't know any spells.
Your spell library was empty.

Dungeon Overview and Level Annotations

Branches:
Dungeon (1/15)

Altars:


Innate Abilities, Weirdness & Mutations

You are partially covered in iridescent scales. (AC +2)
A weak demonic guardian rushes to your aid.


Message History

You see here 16 poisoned darts.
n - 16 poisoned darts Quivering
n - 16 poisoned darts for throwing.
You open the door.
There is an open door here.
You open the door.
There is an open door here.
A goblin comes into view.
You block the goblin's attack.
You hit the goblin.
The goblin is severely wounded.
The goblin closely misses you.
You hit the goblin.
You kill the goblin!
You have reached level 3!
Your experience leads to an increase in your attributes!
Increase (S)trength, (I)ntelligence, or (D)exterity?
You feel stronger.
Your demonic ancestry asserts itself...
You feel the presence of a demonic guardian.
Are you sure you want to abandon this character and quit the game? (Confirm with "yes".)

####.# ####.(...# #.# #.....# #.#
#.(...# #.# #.(...# #.# #.....#
########.# #.(...# #........#
#.(...# #.#.########.# #.....#
#.......@....# ##†...#
##...######### #....# ##...#
###########....# #######.#....#
#..............# ........#.#..#
#..............#
........#.#..####..............##
........#.#..............##......
........#.#.############.##......
........#........# #.#####...


There were no monsters in sight!

Vanquished Creatures
  An ooze (D:1)
  A dart slug (D:1)
  4 bats (D:1)
  A hobgoblin (D:1)
  2 jackals (D:1)
  5 frilled lizards (D:1)
  3 goblins (D:1)
  4 kobolds (D:1)
  A rat (D:1)
22 creatures vanquished.

Notes
Turn   | Place    | Note
-------+----------+-------------------------------------------
     0 | D:1      | Gebura the Demonspawn Fighter began the quest for the Orb.
     0 | D:1      | Reached XP level 1. HP: 18/18 MP: 1/1
    96 | D:1      | Gained mutation: You are partially covered in iridescent
                  | scales. (AC +2) [demonic ancestry]
    96 | D:1      | Reached XP level 2. HP: 17/24 MP: 2/2
   681 | D:1      | Gained mutation: A weak demonic guardian rushes to your
                  | aid. [demonic ancestry]
   681 | D:1      | Reached XP level 3. HP: 29/29 MP: 3/3
   682 | D:1      | Quit the game

Levels and vault maps discovered:
D:1:      minmay_arrival_jagged, layout_basic, minmay_tetromino_o2

Skill      XL: |  1 |
---------------+----+-----
Axes           | 2 |  2.1
Fighting       | |  3.2
Armour         | |  2.9
Dodging        | |  0.8
Shields        | |  2.9

Action                   || total
-------------------------++-------
Melee: War axe           ||    46
       Dagger            ||    35
Throw: Javelin           ||     2
Armor: Scale mail        ||    42
Dodge: Dodged            ||    27
Block: Shield            ||    51

Table legend:
 A = Non-vault XP
 B = Vault XP
 C = Vault XP percentage of total XP
 D = Non-vault monster count
 E = Vault monster count
 F = Vault count percentage of total count
                 A         B        C        D         E       F
            +---------+---------+-------+---------+---------+-------
      Total |      39 |       2 |   4.9 |      21 |       1 |   4.5
            +---------+---------+-------+---------+---------+-------
        D:1 |      39 |       2 |   4.9 |      21 |       1 |   4.5
            +---------+---------+-------+---------+---------+-------
